3R
WATFORD CITY TRASH PANDAS @ OGALLALA OCTOPI
08/25/2041
 
TOP OF THE 1ST
Watford City Trash Pandas batting - Pitching for Ogallala Octopi : RHP Otis Knapp
Pitching: RHP Otis Knapp
Batting: LHB Ambrose Norris 0-0: Ball
1-0: Foul Ball, location: 2F
1-1: Foul Ball, location: 2F
1-2: Strikes out swinging
Batting: LHB Jimmy McComb 0-0: Called Strike
0-1: SINGLE (Line Drive, 6MD, EV 98.8 MPH)
Batting: RHB Anthony Mitchell 0-0: Called Strike
0-1: Called Strike
0-2: Fly out, F8 (Flyball, 8LXD, EV 95.6 MPH)
Batting: LHB Ken Jackson 0-0: Called Strike
Jimmy McComb is caught stealing 2nd base 2-6
Top of the 1st over - 0 runs, 1 hit, 0 errors, 0 left on base; Watford City 0 - Ogallala 0
BOTTOM OF THE 1ST
Ogallala Octopi batting - Pitching for Watford City Trash Pandas : RHP Iván Molina
Pitching: RHP Iván Molina
Batting: RHB Nando van der Goor 0-0: Ball
1-0: Called Strike
1-1: Ball
2-1: Ball
3-1: Base on Balls
Batting: LHB Derrek Guthrie 0-0: Ground out 1-3 (Groundball, 34S, EV 76.2 MPH)
Nando van der Goor to second
Batting: SHB Víctor Pagueros 0-0: Ball
1-0: TRIPLE (Line Drive, 9D, EV 106.9 MPH)
Nando van der Goor scores
Batting: LHB Benjamin Bays 0-0: Called Strike
0-1: Fly out, F7 (Flyball, 7S, EV 85.0 MPH)
Batting: RHB Joong Chuang 0-0: Foul Ball, location: 2F
0-1: Ball
1-1: Swinging Strike
1-2: Foul Ball, location: 2F
1-2: Strikes out looking
Bottom of the 1st over - 1 run, 1 hit, 0 errors, 1 left on base; Watford City 0 - Ogallala 1
TOP OF THE 2ND
Watford City Trash Pandas batting - Pitching for Ogallala Octopi : RHP Otis Knapp
Batting: LHB Ken Jackson 0-0: Fly out, F9 (Flyball, 9S, EV 84.4 MPH)
Batting: LHB Knud van den Bosch 0-0: Ball
1-0: Ball
2-0: Called Strike
2-1: Ball
3-1: Ground out 1-3 (Groundball, 34S, EV 86.9 MPH)
Batting: RHB Juan Morales 0-0: Ball
1-0: Foul Ball, location: 2F
1-1: Foul Ball, location: 2F
1-2: Ball
2-2: Ground out U3 (Groundball, 34, EV 99.4 MPH)
Top of the 2nd over - 0 runs, 0 hits, 0 errors, 0 left on base; Watford City 0 - Ogallala 1
BOTTOM OF THE 2ND
Ogallala Octopi batting - Pitching for Watford City Trash Pandas : RHP Iván Molina
Batting: RHB Roy Berriman 0-0: Ball
1-0: Ball
2-0: Ground out 5-3 (Groundball, 5L, EV 96.9 MPH)
Batting: RHB Rodrigo Sánchez 0-0: TRIPLE (Flyball, 89D, EV 95.0 MPH)
Batting: SHB Lyonya Wanyushin 0-0: Called Strike
0-1: Foul Ball, location: 2F
0-2: Strikes out looking
Batting: RHB Sonny Day 0-0: Called Strike
0-1: Swinging Strike
0-2: Ball
1-2: Strikes out swinging
Bottom of the 2nd over - 0 runs, 1 hit, 0 errors, 1 left on base; Watford City 0 - Ogallala 1
TOP OF THE 3RD
Watford City Trash Pandas batting - Pitching for Ogallala Octopi : RHP Otis Knapp
Batting: LHB Marcos Vargas 0-0: Foul Ball, location: 2F
0-1: Ball
1-1: Ball
2-1: Foul Ball, location: 2F
2-2: Foul Ball, location: 2F
2-2: Foul Ball, location: 2F
2-2: Ball
3-2: Fly out, F8 (Flyball, 8LD, EV 90.6 MPH)
Batting: RHB Francis Hicken 0-0: Swinging Strike
0-1: Ball
1-1: Called Strike
1-2: Ball
2-2: Foul Ball, location: 2F
2-2: Fly out, F8 (Line Drive, 8RD, EV 86.9 MPH)
Batting: LHB Don Hartman 0-0: Ball
1-0: Called Strike
1-1: SINGLE (Flyball, 89M, EV 99.4 MPH)
Batting: LHB Ambrose Norris 0-0: Swinging Strike
0-1: Ball
1-1: Foul Ball, location: 2F
1-2: Ball
2-2: Strikes out swinging
Top of the 3rd over - 0 runs, 1 hit, 0 errors, 1 left on base; Watford City 0 - Ogallala 1
BOTTOM OF THE 3RD
Ogallala Octopi batting - Pitching for Watford City Trash Pandas : RHP Iván Molina
Batting: RHB Nando van der Goor 0-0: Called Strike
0-1: Ball
1-1: Foul Ball, location: 2F
1-2: Foul Ball, location: 2F
1-2: Ball
2-2: Ball
3-2: Fly out, F8 (Line Drive, 8LM, EV 91.9 MPH)
Batting: LHB Derrek Guthrie 0-0: SINGLE (Groundball, 4MD, EV 100.0 MPH)
Batting: SHB Víctor Pagueros 0-0: SINGLE (Groundball, 13S, EV 66.9 MPH) (infield hit)
Derrek Guthrie to second
Batting: LHB Benjamin Bays 0-0: Fly out, F7 (Flyball, 78M, EV 88.8 MPH)
Batting: RHB Joong Chuang 0-0: Ball
1-0: Called Strike
1-1: Foul Ball, location: 2F
1-2: Hit by Pitch
Derrek Guthrie to third
Víctor Pagueros to second
Batting: RHB Roy Berriman 0-0: Foul Ball, location: 2F
0-1: Swinging Strike
0-2: Ball
1-2: Strikes out looking
Bottom of the 3rd over - 0 runs, 2 hits, 0 errors, 3 left on base; Watford City 0 - Ogallala 1
TOP OF THE 4TH
Watford City Trash Pandas batting - Pitching for Ogallala Octopi : RHP Otis Knapp
Batting: LHB Jimmy McComb 0-0: Ball
1-0: Called Strike
1-1: Ball
2-1: Called Strike
2-2: Strikes out swinging
Batting: RHB Anthony Mitchell 0-0: SINGLE (Groundball, 6MD, EV 103.8 MPH)
Batting: LHB Ken Jackson 0-0: Ball
Anthony Mitchell steals 2nd base
1-0: Ball
2-0: Ball
3-0: Called Strike
3-1: Fly out, F4 (Popup, 34D, EV 51.9 MPH)
Batting: LHB Knud van den Bosch 0-0: Called Strike
0-1: Ball
1-1: Foul Ball, location: 2F
1-2: Foul Ball, location: 2F
1-2: Strikes out swinging
Top of the 4th over - 0 runs, 1 hit, 0 errors, 1 left on base; Watford City 0 - Ogallala 1
BOTTOM OF THE 4TH
Ogallala Octopi batting - Pitching for Watford City Trash Pandas : RHP Iván Molina
Batting: RHB Rodrigo Sánchez 0-0: Ball
1-0: Ball
2-0: Swinging Strike
2-1: Swinging Strike
2-2: Strikes out swinging, 2-3 out at first.
Batting: SHB Lyonya Wanyushin 0-0: Ball
1-0: Foul Ball, location: 2F
1-1: Ball
2-1: Ball
3-1: Fly out, F9 (Flyball, 9, EV 88.1 MPH)
Batting: RHB Sonny Day 0-0: Ball
1-0: Swinging Strike
1-1: Ball
2-1: Swinging Strike
2-2: Fly out, F6 (Flyball, 6MD, EV 91.9 MPH)
Bottom of the 4th over - 0 runs, 0 hits, 0 errors, 0 left on base; Watford City 0 - Ogallala 1
TOP OF THE 5TH
Watford City Trash Pandas batting - Pitching for Ogallala Octopi : RHP Otis Knapp
Batting: RHB Juan Morales 0-0: Ball
1-0: Called Strike
1-1: Ball
2-1: Ground out 6-3 (Groundball, 6, EV 99.4 MPH)
Batting: LHB Marcos Vargas 0-0: Called Strike
0-1: Ball
1-1: Ball
2-1: SINGLE (Line Drive, 89M, EV 93.1 MPH)
Batting: RHB Francis Hicken 0-0: Ball
1-0: Foul Ball, location: 2F
1-1: Ball
2-1: Fly out, F7 (Flyball, 78D, EV 96.2 MPH)
Batting: LHB Don Hartman 0-0: Ball
1-0: Ball
2-0: Called Strike
2-1: Fly out, F9 (Line Drive, 9, EV 83.1 MPH)
Top of the 5th over - 0 runs, 1 hit, 0 errors, 1 left on base; Watford City 0 - Ogallala 1
BOTTOM OF THE 5TH
Ogallala Octopi batting - Pitching for Watford City Trash Pandas : RHP Iván Molina
Batting: RHB Nando van der Goor 0-0: Ball
1-0: Foul Ball, location: 2F
1-1: Fly out, F7 (Flyball, 7LM, EV 76.9 MPH)
Batting: LHB Derrek Guthrie 0-0: Foul Ball, location: 2F
0-1: Ball
1-1: Called Strike
1-2: Ball
2-2: SINGLE (Groundball, 4MD, EV 96.9 MPH)
Batting: SHB Víctor Pagueros 0-0: Fly out, F2 (Popup, 2LF, EV 91.9 MPH)
Batting: LHB Benjamin Bays 0-0: Ball
1-0: Swinging Strike
1-1: Foul Ball, location: 2F
1-2: Foul Ball, location: 2F
1-2: Ground out 4-3 (Groundball, 4, EV 110.6 MPH)
Bottom of the 5th over - 0 runs, 1 hit, 0 errors, 1 left on base; Watford City 0 - Ogallala 1
TOP OF THE 6TH
Watford City Trash Pandas batting - Pitching for Ogallala Octopi : RHP Otis Knapp
Batting: LHB Ambrose Norris 0-0: Swinging Strike
0-1: Swinging Strike
0-2: Strikes out looking
Batting: LHB Jimmy McComb 0-0: Ball
1-0: Ball
2-0: Called Strike
2-1: Ball
3-1: Base on Balls
Batting: RHB Anthony Mitchell 0-0: Called Strike
0-1: Ball
1-1: Swinging Strike
1-2: Fielders Choice at 2nd, 4-6 (Groundball, 4, EV 107.5 MPH)
Batting: LHB Ken Jackson 0-0: Foul Ball, location: 2F
0-1: Foul Ball, location: 2F
0-2: Foul Ball, location: 2F
0-2: Foul Ball, location: 2F
0-2: Ball
1-2: Fly out, F9 (Flyball, 89M, EV 82.5 MPH)
Top of the 6th over - 0 runs, 0 hits, 0 errors, 1 left on base; Watford City 0 - Ogallala 1
BOTTOM OF THE 6TH
Ogallala Octopi batting - Pitching for Watford City Trash Pandas : RHP Iván Molina
Pitching: RHP Han-wu Men
Batting: RHB Joong Chuang 0-0: Ball
1-0: Foul Ball, location: 2F
1-1: Foul Ball, location: 2F
1-2: Strikes out swinging
Batting: RHB Roy Berriman 0-0: Called Strike
0-1: SINGLE (Line Drive, 6M, EV 98.1 MPH)
Batting: RHB Rodrigo Sánchez 0-0: Fly out, F9 (Flyball, 89M, EV 81.9 MPH)
Batting: SHB Lyonya Wanyushin 0-0: Ball
1-0: Ball
2-0: Foul Ball, location: 2F
2-1: Swinging Strike
2-2: Fly out, F7 (Flyball, 7, EV 90.6 MPH)
Bottom of the 6th over - 0 runs, 1 hit, 0 errors, 1 left on base; Watford City 0 - Ogallala 1
TOP OF THE 7TH
Watford City Trash Pandas batting - Pitching for Ogallala Octopi : RHP Otis Knapp
Batting: LHB Knud van den Bosch 0-0: Called Strike
0-1: Fly out, F7 (Flyball, 7D, EV 96.2 MPH)
Pitching: RHP Özkan Nedim
Batting: RHB Juan Morales 0-0: Ball
1-0: Foul Ball, location: 2F
1-1: Foul Ball, location: 2F
1-2: Ball
2-2: Ground out 6-3 (Groundball, 6, EV 92.5 MPH)
Batting: LHB Marcos Vargas 0-0: Ground out U3 (Groundball, 3, EV 101.2 MPH)
Top of the 7th over - 0 runs, 0 hits, 0 errors, 0 left on base; Watford City 0 - Ogallala 1
BOTTOM OF THE 7TH
Ogallala Octopi batting - Pitching for Watford City Trash Pandas : RHP Han-wu Men
Batting: RHB Sonny Day 0-0: TRIPLE (Line Drive, 78XD, EV 103.1 MPH)
Batting: RHB Nando van der Goor 0-0: Called Strike
0-1: Foul Ball, location: 2F
0-2: Ball
1-2: Foul Ball, location: 2F
1-2: Ball
2-2: Foul Ball, location: 2F
2-2: Foul Ball, location: 2F
2-2: Ball
3-2: Ground out 1-3 (Groundball, P, EV 79.4 MPH)
Batting: LHB Derrek Guthrie 0-0: Intentional Walk
Batting: SHB Víctor Pagueros 0-0: Ball
1-0: Called Strike
1-1: Called Strike
1-2: Ball
2-2: Fly out, F5 (Popup, 5SF, EV 74.4 MPH)
Batting: LHB Benjamin Bays 0-0: Ball
1-0: Called Strike
1-1: SINGLE (Flyball, 7LS, EV 87.5 MPH)
Sonny Day scores
Derrek Guthrie to second
Batting: RHB Joong Chuang 0-0: Foul Ball, location: 2F
0-1: Foul Ball, location: 2F
0-2: Foul Ball, location: 2F
0-2: Foul Ball, location: 2F
0-2: Foul Ball, location: 2F
0-2: Foul Ball, location: 2F
0-2: Foul Ball, location: 2F
0-2: Ball
1-2: SINGLE (Groundball, 6MS, EV 76.9 MPH) (infield hit)
Derrek Guthrie to third
Benjamin Bays to second
Batting: RHB Roy Berriman 0-0: Ball
1-0: Foul Ball, location: 2F
1-1: Ball
2-1: Swinging Strike
2-2: Strikes out swinging
Bottom of the 7th over - 1 run, 3 hits, 0 errors, 3 left on base; Watford City 0 - Ogallala 2
TOP OF THE 8TH
Watford City Trash Pandas batting - Pitching for Ogallala Octopi : RHP Özkan Nedim
Batting: RHB Francis Hicken 0-0: Foul Ball, location: 2F
0-1: Ball
1-1: Foul Ball, location: 2F
1-2: Ball
2-2: Ball
3-2: Base on Balls
Batting: LHB Don Hartman 0-0: Called Strike
0-1: Ball
1-1: Called Strike
1-2: Ball
2-2: Strikes out swinging
Batting: LHB Ambrose Norris 0-0: Foul Ball, location: 2F
0-1: Called Strike
0-2: Ball
1-2: Strikes out looking
Batting: LHB Jimmy McComb 0-0: Ground out 4-3 (Groundball, 4, EV 87.5 MPH)
Top of the 8th over - 0 runs, 0 hits, 0 errors, 1 left on base; Watford City 0 - Ogallala 2
BOTTOM OF THE 8TH
Ogallala Octopi batting - Pitching for Watford City Trash Pandas : RHP Han-wu Men
Batting: RHB Rodrigo Sánchez 0-0: Ball
1-0: Ball
2-0: Ball
3-0: Base on Balls
Pitching: LHP León Morán
Batting: SHB Lyonya Wanyushin 0-0: Called Strike
0-1: Fly out, F7 (Flyball, 78M, EV 90.6 MPH)
Batting: RHB Sonny Day 0-0: Ball
Rodrigo Sánchez is caught stealing 2nd base 2-4
1-0: Foul Ball, location: 2F
1-1: Foul Ball, location: 2F
1-2: Foul Ball, location: 2F
1-2: SINGLE (Groundball, 6D, EV 99.4 MPH)
Batting: RHB Nando van der Goor 0-0: Ball
1-0: Ball
2-0: Reached on error, E6 (Groundball, 56, EV 82.5 MPH)
Sonny Day to second
Batting: LHB Derrek Guthrie 0-0: Fly out, F3 (Popup, 23F, EV 84.4 MPH)
Bottom of the 8th over - 0 runs, 1 hit, 1 error, 2 left on base; Watford City 0 - Ogallala 2
TOP OF THE 9TH
Watford City Trash Pandas batting - Pitching for Ogallala Octopi : RHP Özkan Nedim
Batting: RHB Anthony Mitchell 0-0: Ball
1-0: Ball
2-0: SOLO HOME RUN (Flyball, 7D, EV 91.2 MPH), Distance : 361 ft
Batting: LHB Ken Jackson 0-0: Fly out, F8 (Flyball, 89D, EV 99.4 MPH)
Pinch Hitting: LHB Alonso Mendos 0-0: Ball
1-0: Foul Ball, location: 2F
1-1: Called Strike
1-2: Strikes out swinging
Batting: RHB Juan Morales 0-0: Called Strike
0-1: Ball
1-1: Swinging Strike
1-2: Ball
2-2: Ball
3-2: Strikes out swinging
Top of the 9th over - 1 run, 1 hit, 0 errors, 0 left on base; Watford City 1 - Ogallala 2
Tuesday, January 5th, 2021 - OOTP Baseball 20.8 Build 74